 Dungeon Crawl Stone Soup version 0.17-a0-1711-gc5340a3 (webtiles) character file.

286 kae the Firebug (level 6, 0/32 HPs)
             Began as a Tengu Fire Elementalist on Aug 22, 2015.
             Succumbed to an adder's poison
             ... on level 4 of the Dungeon.
             The game lasted 00:05:32 (3261 turns).

kae the Firebug (Tengu Fire Elementalist)           Turns: 3261, Time: 00:05:32

Health: 0/32       AC:  4    Str: 14    XL:     6   Next: 30%
Magic:  1/10       EV: 18    Int: 17    God:
Gold:   155        SH:  0    Dex: 19    Spells: 3 memorised, 3 levels left

rFire  . . .     SeeInvis .     m - +0 spear
rCold  . . .     Clarity  .     a - +0 robe
rNeg   . . .     SustAt   .     (no shield)
rPois  .         Gourm    .     (helmet restricted)
rElec  .         Spirit   .     (no cloak)
rCorr  .         Warding  .     l - +1 pair of gloves
rMut   .         Stasis   .     (boots unavailable)
MR     .....                    p - amulet of inaccuracy (curse)
Stlth  +++.......               (no ring)
                                (no ring)

@: mighty, agile, lethally poisoned (0 -> -9), not resistant to hostile
enchantments, fairly stealthy
A: beak, talons 3, able to fly 1
a: Fly


You were on level 4 of the Dungeon.
You were not hungry.

You visited 2 branches of the dungeon, and saw 5 of its levels.

You collected 155 gold pieces.

Inventory:

Hand weapons
 d - a +0 mace
 m - a +0 spear (weapon)
Armour
 a - a +0 robe (worn)
 l - a +1 pair of gloves (worn)
Jewellery
 p - a cursed amulet of inaccuracy (around neck)
Scrolls
 h - 2 scrolls of teleportation
Potions
 o - a potion of resistance
Books
 b - a book of Flames

   Spells                             Type                      Level
   a - Flame Tongue                   Conjuration/Fire             1
   b - Throw Flame                    Conjuration/Fire             2
   c - Conjure Flame                  Conjuration/Fire             3
   d - Inner Flame                    Hexes/Fire                   3
   e - Sticky Flame                   Conjuration/Fire             4
   f - Fireball                       Conjuration/Fire             5
Comestibles
 c - 2 bread rations


   Skills:
 - Level 2.1 Dodging
 - Level 2.0 Stealth
 - Level 2.0 Spellcasting
 - Level 1.3 Conjurations
 + Level 7.5 Fire Magic


You had 3 spell levels left.
You knew the following spells:

 Your Spells              Type           Power        Failure   Level  Hunger
a - Flame Tongue          Conj/Fire      ###..        3%          1    #......
b - Throw Flame           Conj/Fire      ###...       6%          2    ###....
c - Conjure Flame         Conj/Fire      ###.....     12%         3    ###....


Dungeon Overview and Level Annotations

Branches:
Dungeon (4/15)             Temple (1/1) D:4

Altars:
Ashenzari
Cheibriados
Dithmenos
Elyvilon
Fedhas
Gozag
Kikubaaqudgha
Makhleb
Nemelex Xobeh
Okawaru
Ru
Sif Muna
Trog
Xom
Zin

Annotations:
D:4 Blork the orc


Innate Abilities, Weirdness & Mutations

You have a beak for a mouth.
You have claws for feet.
You can fly.


Message History

You feel sick. The adder bites you.
* * * LOW HITPOINT WARNING * * *
You are lethally poisoned!
The adder poisons you!
* * * LOW HITPOINT WARNING * * *
You feel sick.
Drink which item? (? for menu, Esc to quit)
You feel agile all of a sudden.
* * * LOW HITPOINT WARNING * * *
You feel sick. The adder closely misses you. The adder completely misses you.
Drink which item? (? for menu, Esc to quit)
You feel very mighty all of a sudden.
* * * LOW HITPOINT WARNING * * *
You feel sick. The adder bites you.
* * * LOW HITPOINT WARNING * * *
You closely miss the adder.
The hound barks!
Your peck misses the adder.
The adder is moderately wounded.
You die...

.. #.. #.# #..##.#
#.#.#.### #.##..h.# # #
#.#...#.##.## ..# #
#..#......... #
.?...#.#..S.....# .#.
......#.@##.#..# .o..
#..(.....##.#$.#.#
...####.###............#
#..........###.##.#......
#. #.8.8.8.###.##h##.####
##.##..⌠.⌠............#
##...#.8.>.8..#####.####
........⌠.⌠.[## #.#
##.....8.8.8.# #.#


You could see a hound and an adder.

Vanquished Creatures
  A phantom (D:4)
  Ijyb (D:2)
  A worker ant (D:4)
  7 adders
  2 oozes
  A worm (D:2)
  2 giant geckos
  5 orcs (D:3)
  6 bats
  11 hobgoblins
  3 ball pythons
  3 giant cockroaches
  A giant newt (D:1)
  11 goblins
  6 kobolds
  6 rats
67 creatures vanquished.

Notes
Turn   | Place    | Note
--------------------------------------------------------------
     0 | D:1      | kae the Tengu Fire Elementalist began the quest for the Orb.
     0 | D:1      | Reached XP level 1. HP: 10/10 MP: 4/4
   150 | D:1      | Reached XP level 2. HP: 7/15 MP: 6/6
   300 | D:1      | Reached skill level 4 in Fire Magic
   521 | D:2      | Reached XP level 3. HP: 13/19 MP: 2/7
   592 | D:2      | Found a snail-covered altar of Cheibriados.
   846 | D:2      | Reached skill level 5 in Fire Magic
   926 | D:2      | Noticed Ijyb
   942 | D:2      | Reached XP level 4. HP: 15/24 MP: 5/8
   964 | D:2      | Killed Ijyb
  1252 | D:2      | Found an iron altar of Okawaru.
  1301 | D:2      | Reached skill level 6 in Fire Magic
  1423 | D:2      | Found an ancient bone altar of Kikubaaqudgha.
  1428 | D:2      | Gained mutation: You can fly. [Tengu growth]
  1428 | D:2      | Reached XP level 5. HP: 24/28 MP: 5/9
  1932 | D:3      | Learned a level 2 spell: Throw Flame
  1936 | D:3      | Learned a level 3 spell: Conjure Flame
  3021 | D:4      | Found a staircase to the Ecumenical Temple.
  3028 | D:4      | Noticed Blork the orc
  3034 | Temple   | Entered the Ecumenical Temple
  3170 | D:4      | Noticed a phantom
  3251 | D:4      | Killed a phantom
  3251 | D:4      | Reached skill level 7 in Fire Magic
  3251 | D:4      | Reached XP level 6. HP: 21/32 MP: 0/10
  3260 | D:4      | HP: 1/32 [adder (5)]
  3261 | D:4      | Succumbed to an adder's poison

Vault maps used:
D:1:      saegor_arrival_miasma
D:2:      kennysheep_the_goblin_king, nicolae_overflow_hidden_temple,
          cheibriados_altar_1, okawaru_trees_2
D:3:      minmay_misc_feat_alley, kennysheep_nondescript
D:4:      minmay_temple_entry_statues_fountains, first_bread,
          minmay_misc_feat_more_columns, uniq_blork_the_orc
Temple:   eino_narrow_crystal_temple_b_12

Action                   |  1- 3 |  4- 6 || total
-------------------------+-------+-------++-------
Melee: Mace              |    13 |       ||    13
       Spear             |    17 |   112 ||   129
 Cast: Flame Tongue      |    20 |    80 ||   100
       Throw Flame       |       |     5 ||     5
  Use: Scroll            |       |     9 ||     9
       Potion            |       |     4 ||     4
 Stab: Sleeping          |     2 |     2 ||     4
  Eat: Chunk             |       |     7 ||     7
       Bread ration      |       |     1 ||     1
